Map: Orbital Shipyard

Players

YYXM

  • Race: Terran Terran
  • League: Gold

FigHteR - Winner!

  • Race: Terran Terran
  • League: Silver

VOD

Have the link to the VOD?

Description

Time

  • Played on: July 25, 2015, 12:37 p.m.
  • Length: 9:30
Show
View Real Time Build Order
Export as new Build Order

YYXM Terran 

Build Orders: Hellion Opening 

Get SALT Encoding   

  12  0:00  SCV  
  13  0:12  SCV  
  14  0:18  Supply Depot  
  14  0:25  SCV  
  15  0:40  SCV  
  15  0:41  Barracks  
  16  0:45  Refinery  
  16  0:52  SCV  
  17  1:04  SCV  
  18  1:18  SCV  
  19  1:29  Barracks Reactor  
  19  1:30  Supply Depot  
  19  1:33  Orbital Command  
  19  2:00  SCV  
  20  2:08  Factory  
  20  2:09  Marine x2  
  21  2:16  SCV  
  21  2:18  Command Center  
  22  2:27  Marine x2  
  24  2:39  Supply Depot  
  24  2:40  SCV  
  25  3:00  Hellion x2  
  29  3:06  Barracks Tech Lab  
  29  3:14  SCV  
  29  3:15  Starport  
  30  3:23  Hellion x2  
  30  3:26  SCV  
  35  3:30  Orbital Command  
  35  3:36  Refinery  
  35  3:45  SCV, Hellion x2  
  35  3:48  Marauder  
  42  3:55  Medivac  
  44  4:06  SCV, Hellion x2  
  44  4:07  Orbital Command  
  49  4:23  SCV  
  50  4:25  Supply Depot, Viking  
  50  4:30  Supply Depot  
  52  4:32  SCV  
  52  4:35  SCV  
  54  4:46  SCV  
  54  4:51  Supply Depot  
  55  4:53  SCV  
  55  4:55  Hellion x2  
  55  4:56  Marauder  
  55  4:58  SCV  
  61  5:25  Hellion x2, Medivac  
  61  5:26  Marine  
  68  5:43  Marine  
  67  5:52  Hellion x2  
  65  6:03  SCV x2  
  62  6:15  Command Center, SCV x2  
  54  6:20  Stimpack  
  54  6:22  Hellion x2  
  55  6:26  Armory  
  55  6:28  Engineering Bay  
  55  6:29  SCV x2  
  57  6:40  Refinery  
  57  6:41  SCV x2  
  57  6:44  Hellion x2  
  57  6:46  Barracks  
  63  6:47  Barracks  
  63  6:48  Medivac  
  63  6:49  Marine  
  63  6:53  SCV  
  67  6:54  Supply Depot  
  67  6:58  SCV  
  67  6:59  Terran Infantry Weapons Level 1  
  68  7:07  Marine  
  69  7:11  Hellion x2  
  73  7:19  Refinery  
  73  7:23  Missile Turret  
  73  7:24  Missile Turret  
  73  7:27  Missile Turret  
  73  7:28  SCV x2  
  76  7:30  Orbital Command  
  76  7:32  Starport Reactor, Marauder  
  77  7:40  SCV x2  
  77  7:41  Hellion x2  
  77  7:42  Barracks Reactor x2  
  83  7:52  Marine  
  83  7:53  SCV  
  83  7:54  SCV  
  86  8:03  SCV  
  91  8:05  SCV  
  91  8:07  Hellion  
  91  8:08  Hellion  
  91  8:09  SCV  
  91  8:10  Barracks, Marine  
  94  8:15  SCV  
  94  8:18  SCV  
  96  8:21  SCV  
  96  8:22  Marine x4  
  101  8:32  Marine  
  101  8:33  SCV  
  101  8:34  Hellion  
  101  8:37  SCV x2  
  101  8:39  Marine x2  
  101  8:44  Barracks  
  101  8:45  Barracks  
  101  8:52  Starport  
  101  8:55  Factory  
  101  9:02  Barracks Tech Lab  
  101  9:03  Factory Tech Lab  
  101  9:07  Supply Depot  
  101  9:09  SCV x2, Marine x4  
  109  9:10  Supply Depot  
Show
View Real Time Build Order
Export as new Build Order

FigHteR Terran - Winner!

Build Orders: MMM Bio 

Get SALT Encoding   

  12  0:00  SCV  
  13  0:12  SCV  
  14  0:18  Supply Depot  
  14  0:25  SCV  
  15  0:39  Refinery  
  15  0:40  SCV  
  16  0:44  Barracks  
  16  0:52  SCV  
  17  1:03  Barracks  
  18  1:04  SCV  
  18  1:16  SCV  
  19  1:30  Orbital Command  
  20  1:32  Reaper  
  20  1:34  Supply Depot  
  20  1:51  Reaper  
  21  1:56  Supply Depot  
  21  1:57  SCV  
  22  2:05  Reaper  
  23  2:09  SCV  
  24  2:21  SCV  
  25  2:27  Command Center  
  25  2:32  Reaper  
  25  2:33  SCV  
  27  2:43  Reaper  
  28  2:46  SCV  
  29  2:58  SCV  
  29  3:10  SCV  
  29  3:11  Reaper  
  30  3:16  Command Center  
  30  3:22  SCV  
  32  3:30  Barracks  
  32  3:31  Barracks  
  32  3:34  SCV  
  32  3:40  Orbital Command  
  33  3:44  Barracks Tech Lab  
  33  3:46  SCV  
  33  3:47  Marine  
  34  3:52  Refinery  
  34  3:53  Refinery  
  34  3:58  SCV  
  34  4:02  Stimpack  
  35  4:03  Marine  
  35  4:07  Marine  
  35  4:08  Supply Depot  
  35  4:09  Engineering Bay  
  37  4:10  SCV x2  
  39  4:21  Marine  
  39  4:22  SCV x2, Marine  
  39  4:23  Marine  
  44  4:25  Marine  
  44  4:30  Orbital Command  
  45  4:34  SCV  
  45  4:35  SCV  
  45  4:37  Factory  
  47  4:44  Marine x2  
  48  4:47  SCV x2  
  48  4:51  Marine x2  
  52  4:56  SCV  
  52  4:59  SCV, Refinery  
  54  5:00  Terran Infantry Weapons Level 1  
  54  5:02  Marine x2  
  56  5:09  Marine  
  56  5:14  Marine  
  56  5:20  Marine x2  
  56  5:27  Marine  
  57  5:32  Marine  
  57  5:35  Factory Reactor  
  55  5:37  Starport, Marine  
  55  5:38  Marine  
  56  5:44  SCV x3, Marine  
  60  5:50  Marine  
  60  5:55  Marine x2  
  61  6:00  SCV  
  61  6:02  Marine  
  57  6:08  SCV x2, Marine  
  60  6:13  Supply Depot, Marine x2  
  60  6:14  Supply Depot  
  60  6:16  Orbital Command  
  55  6:20  Marine  
  55  6:21  SCV x2  
  57  6:25  Marine  
  57  6:31  Marine  
  60  6:33  Barracks, Medivac x2  
  60  6:34  Factory Tech Lab, Barracks  
  60  6:35  Combat Shields, Factory  
  60  6:36  Barracks Tech Lab  
  60  6:38  SCV x2  
  65  6:43  SCV  
  65  6:44  Marauder  
  68  6:50  SCV  
  68  6:52  Marine x2  
  68  6:53  Siege Tank  
  74  7:02  Terran Infantry Armor Level 1  
  74  7:04  SCV x3  
  74  7:05  Marauder  
  74  7:06  Armory, Marine  
  80  7:09  Marine  
  80  7:10  Marine  
  82  7:16  SCV x2  
  82  7:17  SCV, Refinery  
  82  7:19  Refinery  
  82  7:20  Sensor Tower  
  82  7:21  Factory Tech Lab  
  85  7:25  Marine x2, Marauder  
  85  7:26  Siege Tank  
  85  7:27  Marine  
  93  7:31  Supply Depot  
  93  7:33  Supply Depot  
  93  7:35  Supply Depot  
  93  7:53  SCV, Marauder, Siege Tank, Missile Turret, Marine x2  
  93  7:54  SCV x2, Marine x3  
  93  7:57  Supply Depot x3  
  93  7:58  Siege Tank  
  109  8:02  Engineering Bay  
  109  8:05  SCV  
  110  8:06  SCV x2  
  110  8:11  Marine x2  
  110  8:12  Marine x2  
  116  8:14  Marine  
  116  8:15  Missile Turret  
  116  8:18  SCV, Marine  
  119  8:25  Siege Tank  
  121  8:28  SCV x2, Marine x2  
  121  8:32  SCV  
  121  8:33  Marine x2, Marauder  
  127  8:36  Marine  
  127  8:41  Missile Turret  
  128  8:43  Missile Turret  
  128  8:44  SCV  
  128  8:46  Marine  
  130  8:48  Marine  
  130  8:50  Medivac x2  
  130  8:51  Marine  
  130  8:52  SCV x2  
  130  8:54  Marauder  
  140  8:55  Supply Depot  
  140  8:57  Supply Depot  
  140  9:01  Command Center  
  140  9:06  Marine  
  141  9:17  SCV x2  
Tags
 
Composition
MMM Bio
Matchup
TvT
Race
Terran
Add a new tag
Caveats
  • Supply blocks, unpowered buildings, or Contaminate may cause inaccurate times.
  • Supply counts are checked every 10 seconds.